 Dungeon Crawl Stone Soup version 0.30.1-9-gdf580d7c3d (webtiles) character file.

Game seed: 11232341871386329473

3109 boopmooplesden the Cruncher (level 9, 0/79 HPs)
             Began as a Minotaur Gladiator on Oct 12, 2023.
             Slain by a manticore (12 damage)
             ... on level 7 of the Dungeon.
             The game lasted 00:08:55 (6149 turns).

boopmooplesden the Cruncher (Minotaur Gladiator)    Turns: 6149, Time: 00:08:56

Health: 0/79       AC: 18    Str: 22    XL:     9   Next: 60%
Magic:  8/8        EV:  8    Int:  5    God:
Gold:   338        SH:  0    Dex: 13    Spells: 8/8 levels left

rFire   . . .        a - +0 quarterstaff
rCold   . . .        (shield currently unavailable)
rNeg    . . .        l - +0 plate armour
rPois   .            c - +1 hat
rElec   .            (no cloak)
rCorr   .            x - +0 pair of gloves
SInv    .            f - +0 pair of boots
Will    .....        (no amulet) Stlth
                     (no ring)
HPRegen 0.33/turn    (no ring)
MPRegen 0.11/turn

%: no passive effects
@: slowed, very slow
A: horns 2, retaliatory headbutt
a: no special abilities


You were on level 7 of the Dungeon.
You visited 1 branch of the dungeon, and saw 7 of its levels.

You collected 338 gold pieces.

Inventory:

Hand Weapons
 a - a +0 quarterstaff (weapon)
Missiles
 d - 3 throwing nets (quivered)
 e - a javelin
 r - 5 silver javelins
Armour
 b - a +0 leather armour
 c - a +1 hat (worn)
 f - a +0 pair of boots (worn)
 h - a +0 ring mail
 l - a +0 plate armour (worn)
 o - a +1 leather armour of cold resistance
 x - a +0 pair of gloves (worn)
Jewellery
 m - a ring of ice
Wands
 w - a wand of iceblast (9)
Scrolls
 g - a scroll of fog
 i - 3 scrolls of identify
Potions
 j - a potion of flight
 n - a potion of magic
 p - 6 potions of mutation
 q - a potion of attraction
 s - a potion of curing
 t - a potion of degeneration
 u - a potion of lignification
 v - a potion of berserk rage {unknown}
 z - a potion of brilliance {unknown}
 A - a potion of haste {unknown}


   Skills:
 + Level 7.3 Fighting
 + Level 10.6 Staves
 + Level 2.1 Throwing
 + Level 9.8 Armour
 + Level 4.2 Dodging
 + Level 1.2 Stealth


You had 8 spell levels left.
You didn't know any spells.
Your spell library contained the following spells:

 Spells                   Type           Power      Damage    Failure   Level
 Vhi's Electric Charge    Tloc/Air       0%         N/A       100%        3
 Arcjolt                  Conj/Air       0%         1d10      100%        5
 Maxwell's Capacitive Co  Air            0%         ∞         100%        8


Dungeon Overview and Level Annotations

Branches:
Dungeon (7/15)             Temple (0/1) D:6

Altars:
Cheibriados

Shops:
D:3 *


Innate Abilities, Weirdness & Mutations

You have a pair of horns on your head.
You reflexively headbutt those who attack you in melee.


Message History

The manticore barely misses you.
The manticore claws you but does no damage.
You sock the wraith! Your headbutt misses the wraith.
The wraith is almost destroyed.
The manticore bites you! The manticore closely misses you.
The manticore claws you.
* * * LOW HITPOINT WARNING * * *
The wraith hits you but does no damage.
You closely miss the wraith.
You headbutt the wraith, but do no damage.
The wraith is almost destroyed.
The wraith hits you!
* * * LOW HITPOINT WARNING * * *
The wraith drains your vigour!
You feel as though you will be slow longer.
The manticore bites you.
* * * LOW HITPOINT WARNING * * *
The manticore claws you but does no damage. x2
Blink to where?
Press: ? - help, Dir - move target
As you read the scroll of blinking, it crumbles to dust.
Unknown command.
You feel much better. The wraith hits you. The wraith completely misses you.
You furiously retaliate!
You headbutt the wraith.
You see here a +0 leather armour.
The wraith attacks as you move away! The wraith hits you!
* * * LOW HITPOINT WARNING * * *
The wraith hits you but does no damage. The wraith attacks as you move away!
The wraith barely misses you. You furiously retaliate!
You headbutt the wraith!
You destroy the wraith!
You hit the manticore but do no damage. The manticore bites you!
* * * LOW HITPOINT WARNING * * *
The manticore claws you!
* * * LOW HITPOINT WARNING * * *
The manticore claws you.
* * * LOW HITPOINT WARNING * * *
You feel better. The manticore bites you!
You die...

#...#........#o# .#
....##.......#J## ### #.#
#......########.###.###.#
......##.. ..###.#...#.#
###..##.# .# .###h.)..##
#.##..##.##..###H....#
#.#.##..#..##.####h#.#
##.#)##..#..##..##..#.#
#..'#).##[##..#@#.#.#.#
#..#.##..#..##..Hh..#.#
#..#.##..#..##..####.#.
#..##..##.##..#.....###
#...##. #.##.#######.#
###..##..#..## .. #######
...


You could see a manticore and a black bear.

Vanquished Creatures
  Grinder (D:3)
  Sigmund (D:2)
  A wraith (D:7)
  A steam dragon (D:7)
  Menkaure (D:5)
  An acid dragon (D:7)
  A water moccasin (D:5)
  An ice beast (D:7)
  2 black bears (D:6)
  2 ogres
  A centaur (D:7)
  5 phantoms
  2 bullfrogs (D:7)
  4 scorpions
  3 wights (D:7)
  3 killer bees (D:7)
  A howler monkey (D:7)
  A jelly (D:6)
  2 hounds
  An iron imp (D:6)
  A gnoll bouda (D:4)
  6 iguanas
  A sleepcap (D:7)
  An orc wizard (D:7)
  2 adders
  8 gnolls
  A shadow imp (D:5)
  2 white imps (D:7)
  5 ufetubi
  5 worms
  2 dart slugs
  7 orcs
  8 endoplasms
  A giant cockroach (D:1)
  7 goblins
  8 hobgoblins
  3 jackals
  5 kobolds
  4 quokkas
  6 ball pythons
  2 bats
  3 frilled lizards
  6 rats
129 creatures vanquished.

Notes
Turn   | Place    | Note
-------+----------+-------------------------------------------
     0 | D:1      | boopmooplesden the Minotaur Gladiator began the quest for
                  | the Orb.
     0 | D:1      | Reached XP level 1. HP: 18/18 MP: 0/0
   133 | D:1      | Reached XP level 2. HP: 25/25 MP: 1/1
   259 | D:1      | Reached skill level 4 in Staves
   796 | D:1      | Reached XP level 3. HP: 10/30 MP: 2/2
  1042 | D:2      | Noticed Sigmund
  1059 | D:2      | Killed Sigmund
  1060 | D:2      | Reached skill level 5 in Staves
  1060 | D:2      | Reached XP level 4. HP: 19/38 MP: 3/3
  1060 | D:2      | Reached XP level 5. HP: 23/45 MP: 4/4
  2042 | D:3      | Found Mog Yxamu's General Store.
  2067 | D:3      | Noticed Grinder
  2081 | D:3      | Paralysed by Grinder for 3 turns
  2084 | D:3      | Killed Grinder
  2085 | D:3      | Reached skill level 6 in Staves
  2085 | D:3      | Reached XP level 6. HP: 21/52 MP: 5/5
  2830 | D:4      | Reached skill level 7 in Staves
  2830 | D:4      | Reached XP level 7. HP: 8/60 MP: 6/6
  3391 | D:4      | Reached skill level 5 in Armour
  3539 | D:5      | Entered Level 5 of the Dungeon
  3627 | D:5      | Identified the +2 pair of gloves "Dosmu" {Int+6}
  3747 | D:5      | Reached skill level 8 in Staves
  3747 | D:5      | Reached skill level 1 in Stealth
  3896 | D:5      | Reached skill level 5 in Fighting
  3896 | D:5      | Reached XP level 8. HP: 68/68 MP: 7/7
  4448 | D:5      | Noticed Menkaure
  4451 | D:5      | Killed Menkaure
  4452 | D:5      | Reached skill level 9 in Staves
  4847 | D:6      | Found a staircase to the Ecumenical Temple.
  5332 | D:6      | Found a snail-covered altar of Cheibriados.
  5439 | D:7      | Reached XP level 9. HP: 71/78 MP: 8/8
  5796 | D:7      | Reached skill level 10 in Staves
  6122 | D:7      | Noticed a cyclops
  6122 | D:7      | Noticed a manticore
  6132 | D:7      | Identified the amulet of Xedahoh {Harm Rampage rPois Regen+
                  | rCorr}
  6149 | D:7      | Slain by a manticore

Illustrated notes

Levels and vault maps discovered:
D:1:      psy_arrival_dodecagon, layout_basic
D:2:      layout_rooms, uniq_sigmund
D:3:      layout_loops_ring, serial_shops, shop, minmay_door_square,
          uniq_grinder
D:4:      layout_rooms, serial_co_window_serial, co_window_corner_a,
          co_window_paths_a, co_window_paths_b, co_window_paths_a,
          co_window_of_opportunity_a, co_window_2corner,
          co_window_unsneaky_path_e, co_window_paths_c, co_window_4corner_b,
          co_window_4corner_a, glass_columns_c, glass_columns_a,
          glass_columns_b, kennysheep_generic_room_3
D:5:      layout_basic, uniq_menkaure
D:6:      layout_basic, slow_altar_2, minmay_temple_entry_wispy
D:7:      minmay_the_grid_octo_triangle [minmay_the_grid_octo_clover,
          minmay_the_grid_octo_prize_ultimate_mussel_roller,
          minmay_the_grid_octo_checkerflower], layout_rooms, tgw_fedhas

Skill      XL: |  1  2  3  4  5  6  7  8  9 |
---------------+----------------------------+-----
Staves         | 4 5 6 7 8 9 10 | 10.6
Fighting       | 3 4 5 6 7 |  7.3
Armour         | 3 4 5 8 9 |  9.8
Dodging        | 4 |  4.2
Stealth        | 1 |  1.2
Throwing       | |  2.1

Action                     |  1- 3 |  4- 6 |  7- 9 || total
---------------------------+-------+-------+-------++-------
  Melee: Quarterstaff      |    67 |    62 |   234 ||   363
         Headbutt          |    14 |     9 |    42 ||    65
    Use: Scroll            |     2 |     4 |    12 ||    18
         Potion            |       |     3 |     2 ||     5
   Stab: Sleeping          |     1 |       |       ||     1
 Armour: Leather armour    |    11 |       |       ||    11
         Plate armour      |    30 |    44 |   155 ||   229
  Dodge: Dodged            |    48 |    21 |    77 ||   146
